AoeStats
← TPE-床上小旋風

Nomad

505562247Analyzed
4v4 RM · 22d ago on Sep 10, 2026· 22m 33s· 8 players
Game mode
Random Map
Map size
231×231
Population
200
Speed
Normal
Resources
Standard
Victory
Conquest
Starting age
Dark Age
Ending age
Imperial Age
RankedLock teamsTeams togetherTeam positionsShared explorationLock speedFull tech treeHidden civsTurbo modeCheats
Victory
Defeat
🇦🇷 Burgundians · Argentina
1332
+9
🇺🇸 Italians · United States
1308
+11
🇷🇺 Huns · Russia
1293
+10
🇲🇽 Spanish · Mexico
1243
+13
🇵🇪 Wu · Peru
1347
-17
🇦🇷 Persians · Argentina
1224
-12
🇵🇦 Malay · Panama
1174
-10
🇨🇱 Vietnamese · Chile
915
-4
Caronte
2:51 Loom
13:40 Feudal Age
22:28 Castle Age
20:43 Double-Bit Axe
22:02 Bloodlines
ph_IST
5:55 Loom
13:37 Feudal Age
14:39 Double-Bit Axe
21:53 Town Watch
25:01 Castle Age
PistonForjado
5:10 Loom
14:38 Feudal Age
16:21 Double-Bit Axe
18:03 Wheelbarrow
17:41 Bow Saw
17:31 Town Watch
22:57 Castle Age
21:31 Fletching
21:55 Stone Mining
22:11 Fishing Lines
TPE-床上小旋風
6:13 Loom
16:08 Feudal Age
17:07 Double-Bit Axe
19:42 Castle Age
19:11 Horse Collar
20:47 Bow Saw
22:51 Wheelbarrow
22:41 Heavy Plow
PVS-Ozuna
3:21 Loom
14:51 Feudal Age
15:00 Town Watch
18:00 Horse Collar
[PVS] Manu_X
4:51 Loom
13:36 Feudal Age
14:09 Double-Bit Axe
14:46 Man-at-Arms
17:53 Fletching
19:21 Horse Collar
CTM | Interestellar space
5:11 Loom
15:19 Feudal Age
22:12 Castle Age
[PVS]marcelofabian
4:29 Loom
12:36 Feudal Age
13:07 Double-Bit Axe
15:10 Fletching
19:25 Wheelbarrow
23:53 Castle Age
22:34 Bloodlines
Connection lost

Rejoining the realm…

Still unreachable

The connection could not be restored.

Session expired

The server has moved on; the page needs a fresh start.